 Dungeon Crawl Stone Soup version 0.32-a0-986-ga09f62fbf4 (webtiles) character file.

Game seed: 6555961303610989884

25 protoss039 the Digger (level 2, -4/21 HPs)
             Began as a Demonspawn Earth Elementalist on Apr 21, 2024.
             Slain by Natasha (7 damage)
             ... on level 2 of the Dungeon.
             The game lasted 00:01:28 (782 turns).

protoss039 the Digger (DsEE)                         Turns: 782, Time: 00:01:28

Health: -4/21      AC:  3    Str:  8    XL:     2   Next: 82%
Magic:  5/5        EV: 10    Int: 15    God:
Gold:   31         SH:  0    Dex: 13    Spells: 4/5 levels left

rFire   . . .        d - +0 spear (flame)
rCold   . . .        (no shield)
rNeg    . . .        e - +0 leather armour
rPois   .            (no helmet)
rElec   .            (no cloak)
rCorr   .            (no gloves)
SInv    .            (no boots)
Will    .....        (no amulet)
Stlth   ++           (no ring)
HPRegen 0.23/turn    (no ring)
MPRegen 0.09/turn

%: no passive effects
@: very slightly contaminated
A: powered by death 1
a: no special abilities


You were on level 2 of the Dungeon.
You visited 1 branch of the dungeon, and saw 2 of its levels.

You collected 31 gold pieces.

Inventory:

Hand Weapons
 d - a +0 spear of flaming (weapon)
Armour
 e - a +0 leather armour (worn)
Magical Staves
 h - a staff of air
Potions
 a - a potion of heal wounds {unknown}
 c - a potion of degeneration {unknown}
 f - a potion of might {unknown}
 g - a potion of experience {unknown}
 i - a potion of curing {unknown}


   Skills:
 + Level 1.1 Fighting
 - Level 1.7 Dodging
 - Level 1.7 Stealth
 + Level 2.4 Spellcasting
 + Level 1.1 Conjurations
 + Level 3.0 Earth Magic


You had 4 spell levels left.
You knew the following spells:

 Your Spells              Type           Power      Damage    Failure   Level
a - Sandblast             Erth           22%        2d7       9%          1

Your spell library contained the following spells:

 Spells                   Type           Power      Damage    Failure   Level
 Passwall                 Erth           11%        N/A       26%         3
 Stone Arrow              Conj/Erth      16%        3d8       36%         3
 Brom's Barrelling Bould  Conj/Erth      8%         2d3       78%         4
 Petrify                  Alch/Erth      6%         N/A       86%         4


Dungeon Overview and Level Annotations

Branches:
Dungeon (2/15) Zot: 11202

Altars:

Annotations:
D:2 Natasha


Innate Abilities, Weirdness & Mutations

You regenerate a little health from kills.


Message History

Natasha is moderately wounded.
The cerulean imp hits you but does no damage.
Unknown command.
Casting: Sandblast (safe; 9% risk of failure)
Confirm with . or Enter, or press ? or * to list all spells.
Aiming: Sandblast (safe; 9% risk of failure)
Press: ? - help, Shift-Dir - straight line, p - Natasha The blast of sand hits Natasha but does no damage.
Natasha is moderately wounded.
The cerulean imp closely misses you. Natasha misses you.
Unknown command.
Casting: Sandblast (safe; 9% risk of failure)
Confirm with . or Enter, or press ? or * to list all spells.
Aiming: Sandblast (safe; 9% risk of failure)
Press: ? - help, Shift-Dir - straight line, f - Natasha
Aim: Natasha (moderately wounded, 77% to hit)
The blast of sand hits Natasha.
Natasha is heavily wounded.
The cerulean imp hits you with a +0 spear.
Natasha barely misses you.
The cerulean imp hits you with a +0 spear.
Natasha mumbles some strange words.
Unknown command.
The cerulean imp closely misses you.
Reach: d) +0 spear (flame)
Press: ? - help, Dir - move target, f/p - Natasha
Aim: Natasha (heavily wounded, about 49% to evade your +0 spear of flaming)
You miss Natasha.
Natasha is heavily wounded.
Natasha claws you.
The cerulean imp hits you from afar with a +0 spear.
The cerulean imp attacks as it pursues you!
The cerulean imp hits you from afar with a +0 spear.
* * * LOW HITPOINT WARNING * * *
Magic courses through your body.
The cerulean imp hits you from afar with a +0 spear.
* * * LOW HITPOINT WARNING * * *
Natasha claws you!
You die...
Natasha begins licking her fur clean.

#.# ### #.# ##.##
########## #.#
##...###........#
..####.....##.######.#
..................##.#
########.####.###.##.#
#.# #.# #.##.# #.#
#.###.##.# #+#
#...@....# #####h####
#5# #5..# #......
........# #...###.#
#...# # #.#..


You could see Natasha and 2 cerulean imps.

Vanquished Creatures
  2 dart slugs (D:1)
  2 ball pythons
  2 bats (D:1)
  2 endoplasms (D:1)
  A goblin (D:1)
  A hobgoblin (D:1)
  4 jackals (D:1)
  2 kobolds (D:1)
  3 rats (D:1)
19 creatures vanquished.

Notes
Turn   | Place    | Note
-------+----------+-------------------------------------------
     0 | D:1      | protoss039 the Demonspawn Earth Elementalist began the
                  | quest for the Orb.
     0 | D:1      | Reached XP level 1. HP: 13/13 MP: 3/3
   200 | D:1      | Gained mutation: You regenerate a little health from kills.
                  | [demonic ancestry]
   200 | D:1      | Reached XP level 2. HP: 9/20 MP: 1/5
   314 | D:1      | Reached skill level 1 in Fighting
   314 | D:1      | Reached skill level 3 in Earth Magic
   771 | D:2      | Noticed Natasha
   782 | D:2      | Slain by Natasha

Illustrated notes

Levels and vault maps discovered:
D:1:      eino_arrival_tree_alley, layout_rooms
D:2:      layout_loops_corners, serial_bayou, serial_bayou_crossing,
          serial_bayou_pond_d, serial_bayou_ford_a, serial_bayou_lagoon_a,
          serial_bayou_pond_a, nrook_campfire, kennysheep_generic_room_9,
          uniq_sigmund, uniq_crazy_yiuf_cottage, uniq_natasha

Skill      XL: |  1  2 |
---------------+-------+-----
Fighting       | 1 |  1.1
Earth Magic    | 3 |  3.0
Dodging        | |  1.7
Stealth        | |  1.7
Spellcasting   | |  2.4
Conjurations   | |  1.1

Action                     || total
---------------------------++-------
  Melee: Unarmed           ||    13
         Spear             ||     5
   Cast: Sandblast         ||    30
    Use: Potion            ||     1
 Armour: Robe              ||    18
         Leather armour    ||    14
  Dodge: Dodged            ||    15

Table legend: (Time is in decaauts)
 A = Elapsed time spent in this place.
 B = Non-inter-level travel time spent in this place.
 C = Inter-level travel time spent in this place.
 D = Time resting spent in this place.
 E = Time spent auto-exploring this place.
 F = Levels seen in this place.
 G = Mean time per level.
                   A        B        C        D        E       F      G
               +--------+--------+--------+--------+--------+-----+--------+
         Total |    796 |    763 |     33 |     37 |    564 |   2 |  398.0 |
       Dungeon |    796 |    763 |     33 |     37 |    564 |   2 |  398.0 |
               +--------+--------+--------+--------+--------+-----+--------+

Top non-repeatable levels by time:
     D:1: 726 daAuts
     D:2: 69 daAuts
